[Event "Mistrovství Čech mládeže 2023 - HD14"]
[Site "Harrachov, Czech Republic"]
[Date "2023.10.22"]
[Round "2.10"]
[White "Holeš, Vojta"]
[Black "Švadlenka, Michal"]
[Result "0-1"]
[TimeControl "90m + 30s"]
[WhiteElo "1440"]
[BlackElo "1651"]

1. e4 c5 2. Nf3 d6 3. d4 cxd4 4. Nxd4 Nf6 5. Nc3 g6 6. Be3 Bg7 7. f3 O-O 8. Qd2 Nc6 9. O-O-O d5 10.
Bb5 Nxd4 11. Bxd4 dxe4 12. Bxf6 Qxd2+ 13. Rxd2 exf6 14. Rf2 exf3 15. gxf3 a6 16. Bd3 Be6 17. h4 f5 18. a3 Rfd8 19.
Ne2 Rac8 20. Kb1 Bc4 21. Bxc4 Rxc4 22. Rg2 Rd2 23. c3 h5 24. Kc1 Bh6 25. f4 Rxf4 26. Kxd2 Rxh4+ 0-1

[Event "Mistrovství Čech mládeže 2023 - HD14"]
[Site "Harrachov, Czech Republic"]
[Date "2023.10.22"]
[Round "2.11"]
[White "Ježek, Jakub"]
[Black "Hrdlička, Jan"]
[Result "1-0"]
[TimeControl "90m + 30s"]
[WhiteElo "1642"]
[BlackElo "1418"]

1. e4 c5 2. Nf3 d6 3. d4 cxd4 4. Qxd4 Nc6 5. Bb5 Bd7 6. Bxc6 Bxc6 7. Nc3 Nf6 8. Bg5 g6 9. Bxf6 exf6 10.
O-O-O Be7 11. Rhe1 O-O 12. Nd5 Bxd5 13. Qxd5 Qc7 14. Nd4 a6 15. Rd3 Rac8 16. h4 Qd7 17. Nb3 Rc7 18. Rg3 Rfc8 19.
c3 Qe6 20. Nd4 Qd7 21. Nf5 Bf8 22. h5 Qe6 23. hxg6 Qxd5 24. gxh7+ Kh8 25. exd5 Rc5 26. Rg8+ Kxh7 27. Rg3 Bh6+ 28.
Nxh6 1-0

[Event "Mistrovství Čech mládeže 2023 - HD14"]
[Site "Harrachov, Czech Republic"]
[Date "2023.10.22"]
[Round "2.12"]
[White "Tejnor, Martin"]
[Black "Rudlof, Adam"]
[Result "1-0"]
[TimeControl "90m + 30s"]
[WhiteElo "1418"]
[BlackElo "1639"]

1. e4 c5 2. Nf3 Nc6 3. d4 cxd4 4.
Nxd4 Nf6 5. Nc3 d6 6. Be2 g6 7. Be3 Bg7 8. O-O O-O 9. Kh1 Bd7 10. h3 a6 11. Qd2 b5 12. a3 Rc8 13.
f4 Qc7 14. Bf3 Nxd4 15. Bxd4 Bc6 16. Rfe1 Qb7 17. Rad1 Rfd8 18. Qf2 Nd7 19. Na2 Bxd4 20. Qxd4 a5 21. Qd2 Nc5 22. Nc3 f5 23.
Nd5 fxe4 24. Bxe4 Nxe4 25. Rxe4 Bxd5 26. Qxd5+ Qxd5 27. Rxd5 Rc5 28. Red4 Rdc8 29. c3 Kf7 30. Kg1 R8c7 31.
Kf2 Ke6 32. Rxc5 dxc5 33. Rd3 b4 34. c4 Rd7 35. Rxd7 Kxd7 36. Ke3 Kd6 37. Ke4 h6 38. a4 h5 39. g4 h4 40. f5 gxf5+ 41. Kxf5 e6+ 42. Kf6 e5 43. Kf5 e4 44. Kxe4 Ke6 45. b3 1-0

[Event "Mistrovství Čech mládeže 2023 - HD14"]
[Site "Harrachov, Czech Republic"]
[Date "2023.10.22"]
[Round "2.13"]
[White "Jakubše, Tamae Severína"]
[Black "Jun, Rostislav"]
[Result "1-0"]
[TimeControl "90m + 30s"]
[WhiteElo "1627"]
[BlackElo "1360"]

1. e4 c5 2. c3 e5 3. Nf3 d6 4. Bc4 Be6 5. Bxe6 fxe6 6. Qb3 Qc8 7. Ng5 c4 8. Qb5+ Ke7 9. Na3 h6 10.
Nf3 Nf6 11. Nxc4 Nxe4 12. d4 exd4 13. Nh4 Kf6 14. Na5 b6 15. Qd3 g5 16. Qxd4+ e5 17. Qxe4 bxa5 18. Qxa8 gxh4 19. Be3 Be7 20.
O-O-O Qe6 21. Bxa7 1-0

[Event "Mistrovství Čech mládeže 2023 - HD14"]
[Site "Harrachov, Czech Republic"]
[Date "2023.10.22"]
[Round "2.14"]
[White "Čech, Nicolas"]
[Black "Slívová, Linda"]
[Result "0-1"]
[TimeControl "90m + 30s"]
[WhiteElo "1399"]
[BlackElo "1624"]

1. e4 d5 2. exd5 Qxd5 3. Nc3 Qd6 4. Nf3 Nf6 5.
d4 c6 6. Be3 Bg4 7. h3 Bxf3 8. Qxf3 e6 9. Bd3 Be7 10.
O-O O-O 11. Ne4 Qd8 12. Nxf6+ Bxf6 13. Qe4 g6 14. c3 Bg7 15. Qg4 Nd7 16. Bg5 Qb6 17. Rab1 Qa5 18. a3 Rfe8 19. f4 c5 20. f5 exf5 21. Bxf5 Nf8 22. Bd7 f5 23. Bxf5 gxf5 24. Rxf5 Qc7 25.
Rxc5 Qd6 26. Bf4 Qe6 27. Qxe6+ Nxe6 28. Rf5 Nxf4 29. Rxf4 Re2 30. Rf2 Rae8 31. Rbf1 Rxf2 32. Rxf2 Bh6 33.
Kf1 Rf8 34. d5 Rxf2+ 35. Kxf2 Bc1 36. b4 Kf7 37. b5 Bxa3 38. Kf3 Ke7 39. Ke4 Kd6 40.
Kd4 a6 41. bxa6 bxa6 42. g4 Bc5+ 43. Kc4 Bb6 44. h4 Ke5 45.
g5 Be3 46. Kd3 Bf2 47. h5 Kf5 48. g6 hxg6 49. hxg6 Kxg6 50. Kc4 Kf6 51. Kb4 Bb6 52. c4 Ke5 53. c5 Bd8 54. d6 Kd5 55.
d7 Kc6 56. Kc4 a5 57. Kd4 Kxd7 58. Kd5 Kc7 59. Kc4 Kc6 60. Kd4 Be7 61. Kc4 Bxc5 62. Kb3 Kb5 63. Ka2 Kb4 64. Kb2 Bd4+ 65.
Ka2 a4 66. Kb1 Kb3 67. Kc1 a3 0-1

[Event "Mistrovství Čech mládeže 2023 - HD14"]
[Site "Harrachov, Czech Republic"]
[Date "2023.10.22"]
[Round "2.15"]
[White "Stefaniv, Vladislav"]
[Black "Ocelák, Lukáš"]
[Result "1-0"]
[TimeControl "90m + 30s"]
[WhiteElo "1566"]
[BlackElo "1342"]

1. d4 Nf6 2. c4 e6 3. Nf3 d5 4. g3 dxc4 5. Bg2 Nc6 6. Qa4 Bb4+ 7. Bd2 Bxd2+ 8. Nfxd2 Bd7 9. Qxc4 O-O 10.
O-O Qe7 11. Nf3 Rfe8 12. Nc3 Rac8 13. Ne5 Nxe5 14. dxe5 Nd5 15. Rfd1 a6 16. Nxd5 exd5 17. Bxd5 Bb5 18. Qe4 c6 19.
Bb3 Qxe5 20. Qxe5 Rxe5 21. Rd7 Rf5 22. Rad1 g6 23. e4 Rf6 24. e5 Rf5 25. e6 Rf8 26. e7 Re8 27. Rd8 c5 28.
Rxe8+ Bxe8 29. Rd8 Re5 30. Rxe8+ Kg7 31. a4 b5 32. a5 c4 33. Bd1 Kf6 34. Kf1 b4 35. Rc8 Kxe7 36. Rxc4 Rxa5 37.
Rxb4 Ra2 38. b3 a5 39. Ra4 1-0

[Event "Mistrovství Čech mládeže 2023 - HD14"]
[Site "Harrachov, Czech Republic"]
[Date "2023.10.23"]
[Round "3.1"]
[White "Váňa, Jan"]
[Black "Ježek, Jakub"]
[Result "1-0"]
[TimeControl "90m + 30s"]
[WhiteElo "1969"]
[BlackElo "1642"]

1. d4 d5 2. Nc3 e6 3. e4 dxe4 4. Nxe4 Nf6 5. Nxf6+ Qxf6 6. Nf3 h6 7. Bd3 c5 8. Be3 Nc6 9.
O-O cxd4 10. Nxd4 Be7 11. Nxc6 bxc6 12. Be4 e5 13. Qf3 Qxf3 14. Bxf3 Kd7 15. Rfe1 Kc7 16. Bd2 f6 17. Ba5+ Kb7 18. Re3 Be6 19. Rd1 Rac8 20.
Red3 Rhg8 21. Rd7+ Bxd7 22. Rxd7+ Ka6 23. b4 Bxb4 24. Bxb4 Kb6 25. c4 Rb8 26. Bd6 Ra8 27. c5+ Kb5 28.
Rb7+ Kc4 29. Bxc6 Rac8 30. Bd7 1-0

[Event "Mistrovství Čech mládeže 2023 - HD14"]
[Site "Harrachov, Czech Republic"]
[Date "2023.10.23"]
[Round "3.2"]
[White "Slívová, Linda"]
[Black "Roubal, Matyáš"]
[Result "1/2-1/2"]
[TimeControl "90m + 30s"]
[WhiteElo "1624"]
[BlackElo "1884"]

1. e4 c5 2. Nc3 a6 3. g3 b5 4. Bg2 Bb7 5. f4 Nc6 6. Nf3 e6 7. O-O Be7 8. d3 d6 9. Be3 Nf6 10.
h3 d5 11. exd5 Nxd5 12. Nxd5 exd5 13. d4 Qb6 14. dxc5 Bxc5 15. Bxc5 Qxc5+ 16. Kh2 O-O 17. c3 Rad8 18. Nd4 Nxd4 19.
Qxd4 Qxd4 20. cxd4 Rd7 21. Rfe1 f6 22. Rac1 Kf7 23. Bf3 Re8 24. Rxe8 Kxe8 25. Kg2 Kd8 26. Kf2 Rc7 27. Rc5 Kd7 28.
Rxc7+ Kxc7 29. Ke3 Kd6 30. b4 Bc6 31. g4 g5 1/2-1/2

[Event "Mistrovství Čech mládeže 2023 - HD14"]
[Site "Harrachov, Czech Republic"]
[Date "2023.10.23"]
[Round "3.3"]
[White "Migalko, Dmitriy"]
[Black "Jakubše, Tamae Severína"]
[Result "1-0"]
[TimeControl "90m + 30s"]
[WhiteElo "1842"]
[BlackElo "1627"]

1. d4 Nf6 2. c4 g6 3. Nc3 d5 4. cxd5 Nxd5 5. Bd2 Bg7 6. e4 Nxc3 7. Bxc3 O-O 8. Qd2 b6 9. Bc4 Bb7 10.
f3 Nd7 11. Ne2 e6 12. O-O c5 13. Rfd1 Rc8 14. d5 exd5 15. Bxd5 Bxd5 16. Qxd5 Nf6 17. Qd6 Qxd6 18. Rxd6 Ne8 19.
Rd7 Nc7 20. Rad1 Bxc3 21. Nxc3 f6 22. Nd5 Nxd5 23. R1xd5 Ra8 24. Rb7 Rf7 25. Rxf7 Kxf7 26. Rd7+ Ke6 27. Rxh7 Rd8 28. Rxa7 Rd1+ 29.
Kf2 Rd2+ 30. Ke3 Rxg2 31. b3 Rxh2 32. Ra6 Ke7 33. a4 Rb2 34. Rxb6 c4 35. b4 Rb3+ 36. Kd4 Rxf3 37. Kxc4 g5 38.
a5 g4 39. Rb7+ Kd6 40. Rg7 Rf4 41. Kb5 Rxe4 42. a6 Re5+ 43. Kb6 Re4 44. b5 Ra4 45. a7 f5 46. Kb7 f4 47. a8=Q Rxa8 48.
Kxa8 1-0

[Event "Mistrovství Čech mládeže 2023 - HD14"]
[Site "Harrachov, Czech Republic"]
[Date "2023.10.23"]
[Round "3.4"]
[White "Krautschneider, Daniel Jan"]
[Black "Stefaniv, Vladislav"]
[Result "1/2-1/2"]
[TimeControl "90m + 30s"]
[WhiteElo "1669"]
[BlackElo "1566"]

1. e4 e5 2. Nc3 Nc6 3. f4 exf4 4. Nf3 g5 5. h4 g4 6. Ng5 h6 7. Nxf7 Kxf7 8. Qxg4 Ne5 9. Qh5+ Ng6 10.
e5 d5 11. Bd3 N8e7 12. b3 Bg7 13. Ba3 Qd7 14. Bxe7 Qg4 15. Qxg6+ Qxg6 16. Bxg6+ Kxg6 17. Nxd5 Bxe5 18. O-O-O Be6 19.
Nb4 Kf7 20. Bc5 b6 21. Nc6 Bf6 22. Bd4 Bd5 23. Ne5+ Bxe5 24. Bxe5 Bxg2 25. Bxh8 Bxh1 26. Rxh1 Rxh8 27. Rf1 Rg8 28.
Rxf4+ Ke6 29. d4 Rg1+ 30. Kd2 Rg2+ 31. Kd3 Rg3+ 32. Kc4 Rg2 33. Kc3 Rg3+ 34. Kb2 Rg2 35. a3 Rh2 36. Kc3 c6 37.
a4 a5 38. Kd3 Rh3+ 39. Kc4 Rh2 40. c3 Rh3 41. b4 axb4 42. Kxb4 Rh1 43. Kc4 Ra1 44. Re4+ Kf6 45. Rf4+ Ke6 46.
Kb3 Rb1+ 47. Ka2 Rh1 48. Kb2 Rh2+ 49. Kb3 Rh1 50. Kb4 Rb1+ 51. Ka3 Ra1+ 52. Kb3 Rb1+ 53. Ka2 Rh1 54. c4 Rc1 55.
d5+ cxd5 56. cxd5+ Kxd5 57. Rf6 Rc4 58. Rxh6 Rxa4+ 59. Kb3 Ra1 60. Rh8 Rh1 61. h5 Ke6 62. h6 Kf7 63. Rb8 1/2-1/2

[Event "Mistrovství Čech mládeže 2023 - HD14"]
[Site "Harrachov, Czech Republic"]
[Date "2023.10.23"]
[Round "3.5"]
[White "Švadlenka, Michal"]
[Black "Tejnor, Martin"]
[Result "1-0"]
[TimeControl "90m + 30s"]
[WhiteElo "1651"]
[BlackElo "1418"]

1. e4 c5 2. Nf3 d6 3. d4 cxd4 4. Nxd4 Nf6 5. Nc3 Nc6 6. Bg5 e6 7. Qd2 Be7 8. O-O-O a6 9. f4 Qc7 10.
f5 Nxd4 11. Qxd4 exf5 12. Bxf6 Bxf6 13. Nd5 Qd8 14. Nxf6+ Qxf6 15. Qxf6 gxf6 16. exf5 Bxf5 17. Rxd6 Ke7 18. Rd2 Rac8 19.
Bd3 Be6 20. a3 h6 21. Rf1 h5 22. Re2 Rc5 23. Rf4 Re5 24. Rfe4 Rxe4 25. Bxe4 b6 26. Re3 Rc8 27. Bb7 Rg8 28.
Rc3 Kd7 29. g3 a5 30. Rf3 Ke7 31. Rf4 Rg5 32. Kd2 Rc5 33. Bf3 Rg5 34. c4 Bg4 35. Bd5 Be6 36. Bc6 Rc5 37. Bb5 Re5 38.
b4 Bg4 39. Rf2 Re4 40. Kd3 Re1 41. bxa5 bxa5 42. Kd4 Rd1+ 43. Kc5 Rd6 44. Rf4 Rd3 45. Re4+ Be6 46. a4 Rd8 47. Kb6 Ra8 48.
Rd4 f5 49. c5 Rc8 50. c6 Ra8 51. Rd3 f6 52. h4 f4 53. gxf4 f5 54. Rd2 Ke8 55. Re2 Kf7 56. Ba6 Kf6 57.
Bb7 Rb8 58. Kxa5 Ke7 59. Kb6 1-0

[Event "Mistrovství Čech mládeže 2023 - HD14"]
[Site "Harrachov, Czech Republic"]
[Date "2023.10.23"]
[Round "3.6"]
[White "Malý, Jiří"]
[Black "Topenčík, Bruno"]
[Result "0-1"]
[TimeControl "90m + 30s"]
[WhiteElo "1490"]
[BlackElo "1832"]

1. e4 e6 2. d4 d5 3. exd5 exd5 4. Nf3 Bd6 5. Bd3 Nc6 6. c3 Nge7 7. Bg5 Bg4 8. Nbd2 Qd7 9. O-O O-O-O 10. Bxe7 Nxe7 11. a4 Ng6 12. b4 Nf4 13. Bb1 Rde8 14. Qb3 Bxf3 15. Nxf3 Qg4 16. Nh4 Nh3+ 17. Kh1 Nxf2+ 18. Kg1 Bxh2+ 19. Kxh2 Qxh4+ 20. Kg1 Nh3+ 21. gxh3 Qg3+ 22. Kh1 Re2 23. Bf5+ Kb8 0-1

[Event "Mistrovství Čech mládeže 2023 - HD14"]
[Site "Harrachov, Czech Republic"]
[Date "2023.10.23"]
[Round "3.7"]
[White "Mikulka, Martin Michael"]
[Black "Bělaška, Adam"]
[Result "0-1"]
[TimeControl "90m + 30s"]
[WhiteElo "1826"]
[BlackElo "1503"]

1. e4 c5 2. Nf3 d6 3. d4 cxd4 4. Nxd4 Nf6 5. Nc3 a6 6. Be3 e6 7. Be2 Be7 8. Qd2 Qc7 9. f4 b5 10.
a3 Bb7 11. Bf3 Nbd7 12. O-O Rd8 13.
Rae1 O-O 14. g4 h6 15. Qg2 Nh7 16. f5 e5 17. Nb3 Ng5 18. Nd2 Nb6 19. Bxg5 Bxg5 20. Rd1 Bxd2 21. Qxd2 Nc4 22.
Qc1 Qc5+ 23. Rf2 Nxa3 24. f6 Nc4 25. Rd3 Rfe8 26. g5 g6 27. Bg4 Kh7 28. Rh3 Rh8 29. Rxh6+ Kg8 30. Rxh8+ Kxh8 31. Qf1 Qe3 32. b3 Nd2 33.
Qh3+ Qxh3 34. Bxh3 Nxe4 35. Nxe4 Bxe4 36. Bg2 Bxg2 37. Kxg2 Kg8 38. Kf3 Kf8 39. c4 Ke8 40. Ra2 bxc4 41. bxc4 Ra8 42. Ke4 Kd7 43.
Kd5 Rc8 44. Rxa6 Rc5+ 45. Ke4 Rxc4+ 46. Kd3 Rd4+ 47. Ke3 Rc4 48. h4 Rc7 49. Ra8 Ke6 50. Re8+ Kf5 51. Re7 Rc4 52. Rxf7 Rxh4 53.
Rd7 Kxg5 54. Rxd6 Rf4 55. Rd5 Kxf6 56. Rd8 Kg5 57. Re8 Kf5 58. Rf8+ Kg4 59. Re8 e4 60. Rh8 g5 61. Rh1 Kf5 62.
Rh8 Rf3+ 63. Ke2 Kf4 64. Re8 g4 65. Re7 e3 66. Rg7 Rf2+ 67. Ke1 Kf3 68. Rf7+ Kg2 69. Re7 e2 70. Rg7 g3 71.
Rh7 Kg1 72. Rh5 Rh2 73. Rf5 Kh1 0-1

[Event "Mistrovství Čech mládeže 2023 - HD14"]
[Site "Harrachov, Czech Republic"]
[Date "2023.10.23"]
[Round "3.8"]
[White "Chon, Jeremy"]
[Black "Švadlenka, Dominik"]
[Result "1/2-1/2"]
[TimeControl "90m + 30s"]
[WhiteElo "1538"]
[BlackElo "1710"]

1. Nf3 d5 2. d4 Nf6 3.
Bf4 c5 4. e3 Nc6 5. c3 Qb6 6. b3 Bf5 7. Bd3 Bxd3 8. Qxd3 e6 9. Nbd2 Be7 10. O-O O-O 11. Ne5 Rac8 12. Bg5 Rfd8 13.
f4 h6 14. Bh4 cxd4 15. exd4 Qc7 16. Rf3 Ne8 17. Nxc6 bxc6 18. Bxe7 Qxe7 19. b4 Nd6 20. Re1 Qc7 21. Nb3 Nc4 22.
f5 exf5 23. Rxf5 Re8 24. Rff1 Nd6 25. Qg3 Ne4 26. Qxc7 Rxc7 27. Re3 Rce7 28. Rfe1 Re6 29. Na5 Nxc3 30. Rxe6 Rxe6 31. Rxe6 fxe6 32.
Nxc6 Nxa2 33. b5 Kf7 34. Nxa7 Ke7 35. Kf2 Kd7 36. Ke3 Nb4 37. Kd2 Kc7 38. Kc3 1/2-1/2

[Event "Mistrovství Čech mládeže 2023 - HD14"]
[Site "Harrachov, Czech Republic"]
[Date "2023.10.23"]
[Round "3.9"]
[White "Kravchenko, Andrey"]
[Black "Bělaška, Václav"]
[Result "1/2-1/2"]
[TimeControl "90m + 30s"]
[WhiteElo "1541"]
[BlackElo "1666"]

1. c4 Nf6 2. g3 e6 3. Bg2 d5 4. d4 c6 5. Nf3 Be7 6. O-O O-O 7. Nc3 b6 8. Qc2 Ba6 9. b3 Nbd7 10.
Rd1 Rc8 11. e4 dxc4 12. bxc4 Bxc4 13. a4 b5 14. Nd2 c5 15. d5 exd5 16. exd5 Ne5 17. Nxc4 bxc4 18. Nb5 Qd7 19. Bf4 Nd3 20.
d6 Bd8 21. Rab1 Nxf4 22. gxf4 Ne8 23. Na3 Nxd6 24. Nxc4 Bc7 25. Rb7 Qf5 26. Qxf5 Nxf5 27. Bh3 g6 28. Rd7 Bxf4 29. Rxa7 Nd4 30.
Rab7 Rb8 1/2-1/2

[Event "Mistrovství Čech mládeže 2023 - HD14"]
[Site "Harrachov, Czech Republic"]
[Date "2023.10.23"]
[Round "3.10"]
[White "Křivka, Matěj"]
[Black "Seidl, Václav"]
[Result "1-0"]
[TimeControl "90m + 30s"]
[WhiteElo "1665"]
[BlackElo "1478"]

1. e4 c5 2. Nf3 d6 3. d4 cxd4 4. Qxd4 Nc6 5. Bb5 Bd7 6. Bxc6 bxc6 7. Nc3 c5 8. Qd3 Nf6 9. Bg5 Bc6 10.
O-O h6 11. Bh4 e5 12. Bxf6 Qxf6 13. Nd5 Qd8 14. Nd2 Qd7 15. f4 Qb7 16. Nc4 Bxd5 17. exd5 exf4 18. Rae1+ Kd8 19. Rxf4 Qd7 20.
Na5 Kc7 21. Qa6 Kb8 22. Re8+ 1-0

[Event "Mistrovství Čech mládeže 2023 - HD14"]
[Site "Harrachov, Czech Republic"]
[Date "2023.10.23"]
[Round "3.12"]
[White "Ausperger, Vít"]
[Black "Chernyy, Andrey"]
[Result "1/2-1/2"]
[TimeControl "90m + 30s"]
[WhiteElo "1302"]
[BlackElo "1655"]

1. d4 d5 2. c4 e6 3. Nf3 Nf6 4.
g3 Be7 5. Bg2 O-O 6. O-O dxc4 7. Nc3 c5 8. dxc5 Bxc5 9. Ne5 a6 10. Bf4 Nh5 11. Qxd8 Rxd8 12. Rad1 Nd7 13. Nxd7 Rxd7 14.
Ne4 Bd4 15. Rd2 Nxf4 16. gxf4 f5 17. Rfd1 Bxb2 18. Rxd7 Bxd7 19. Rxd7 fxe4 20. Rxb7 c3 21. Bxe4 Rd8 22. Rc7 Rd1+ 23.
Kg2 Ra1 24. f5 exf5 25. Bxf5 Kf8 26. Be6 Rd1 27. Bb3 Rd2 28. Kf3 h6 29. e4 Rd3+ 30. Kg2 Rd2 31. Kg3 Rd3+ 1/2-1/2

[Event "Mistrovství Čech mládeže 2023 - HD14"]
[Site "Harrachov, Czech Republic"]
[Date "2023.10.23"]
[Round "3.13"]
[White "Rudlof, Adam"]
[Black "Borecký, Andrej"]
[Result "1/2-1/2"]
[TimeControl "90m + 30s"]
[WhiteElo "1639"]
[BlackElo "1341"]

1. e4 c5 2. Nf3 Nc6 3. d4 cxd4 4. Nxd4 Nf6 5. Nc3 e5 6. Ndb5 d6 7. Bg5 a6 8. Na3 b5 9. Nd5 Be7 10.
Bxf6 Bxf6 11. c3 Bg5 12. Nc2 O-O 13. a4 bxa4 14. Rxa4 Ne7 15. Nce3 Bxe3 16. Nxe3 Bb7 17. Bd3 d5 18.
exd5 Nxd5 19. Nxd5 Qxd5 20. Be4 Qxd1+ 21. Kxd1 Bxe4 22. Rxe4 f6 23. Kc2 Kf7 24. Rd1 Rad8 25. Rxd8 Rxd8 26.
Rb4 Ke6 27. g4 g6 1/2-1/2

[Event "Mistrovství Čech mládeže 2023 - HD14"]
[Site "Harrachov, Czech Republic"]
[Date "2023.10.23"]
[Round "3.14"]
[White "Jančík, Vojtěch"]
[Black "Sboev, Kirill"]
[Result "0-1"]
[TimeControl "90m + 30s"]
[WhiteElo "1219"]
[BlackElo "1556"]

1. e4 e5 2. Nf3 Nc6 3. Bc4 Nf6 4. d3 Bc5 5. c3 a6 6. Bb3 d6 7. O-O O-O 8. Re1 Ng4 9. Be3 Nxe3 10.
fxe3 Be6 11. Kh1 Bxb3 12. Qxb3 Qe7 13. Qxb7 Na5 14. Qxa8 Rxa8 15. b4 Bb6 16. bxa5 Bxa5 17. d4 Rb8 18.
Re2 g5 19. Nfd2 Rb2 20. Kg1 Qf6 21. Rf2 Qe6 22. Kf1 Rc2 23. Nb3 Qc4+ 24. Kg1 Rxf2 25. Kxf2 Bxc3 26. Nxc3 Qxc3 27. Rd1 Qc2+ 28. Rd2 Qxe4 29. dxe5 Qxe5 30. Nd4 Qxh2 31. Rc2 c5 32. Nf5 Qe5 33. Ng3 h5 34. Re2 h4 35. Nf1 g4 36. g3 h3 37.
Kg1 d5 0-1

[Event "Mistrovství Čech mládeže 2023 - HD14"]
[Site "Harrachov, Czech Republic"]
[Date "2023.10.23"]
[Round "3.15"]
[White "Mezera, Antonín"]
[Black "Pásek, Josef"]
[Result "1-0"]
[TimeControl "90m + 30s"]
[WhiteElo "1166"]
[BlackElo "1555"]

1. e4 c5 2. Nf3 Nc6 3. Bb5 e5 4. d3 Nge7 5. O-O g6 6. Nc3 Bg7 7. Re1 O-O 8. Be3 d6 9. h3 f5 10.
exf5 Nxf5 11. Bc4+ Kh8 12. Bg5 Qb6 13. Bb3 Ncd4 14. Nxd4 Nxd4 15. Nd5 Qc6 16. Ne7 Qd7 17. Re4 Nxb3 18.
axb3 Bf6 19. Bxf6+ Rxf6 20. Nd5 Rf8 21. Nb6 Qf7 22. Nxa8 Qxf2+ 23. Kh2 d5 24. Re2 Qh4 25. Qe1 Qd4 26. Rxe5 Bf5 27. Re8 Rxe8 28.
Qxe8+ Kg7 29. Re1 Qf4+ 30. Kh1 Qf2 31. Qe7+ Kh6 32. Qe3+ 1-0

[Event "Mistrovství Čech mládeže 2023 - HD14"]
[Site "Harrachov, Czech Republic"]
[Date "2023.10.23"]
[Round "3.16"]
[White "Bludský, Hynek"]
[Black "Ugrenovich, Jaroslav"]
[Result "1-0"]
[TimeControl "90m + 30s"]
[WhiteElo "1547"]
[BlackElo "1277"]

1. e4 c5 2. Nf3 Nc6 3. d4 cxd4 4. Nxd4 g6 5. Nc3 Bg7 6. Be3 Nf6 7. Bc4 d6 8. f3 Qb6 9. Bb5 Bd7 10.
Nf5 Qc7 11. Nxg7+ Kd8 12. g4 Ne5 13. Bxd7 Nfxd7 14. Kf2 Nc4 15. Qc1 Nxe3 16. Qxe3 Ne5 17. Qd4 Rg8 18. Rad1 Nc6 19. Qe3 Rxg7 20.
Nd5 Qa5 21. Qh6 Rg8 22. Kg3 Qxa2 23. Qxh7 Rf8 24. Qg7 Kd7 25. Qc3 Qa5 26. b4 Qd8 27. b5 Na5 28. Ra1 b6 29. Rxa5 Rc8 30.
Rxa7+ Ke6 31. Nf4# 1-0

[Event "Mistrovství Čech mládeže 2023 - HD14"]
[Site "Harrachov, Czech Republic"]
[Date "2023.10.23"]
[Round "3.17"]
[White "Němec, Mikuláš"]
[Black "Pogorelskiy, Boris"]
[Result "0-1"]
[TimeControl "90m + 30s"]
[WhiteElo "1154"]
[BlackElo "1541"]

1. d4 d5 2. Nf3 Bf5 3. Bf4 c5 4. e3 Qb6 5. Qc1 Nc6 6. c3 e6 7. Nbd2 f6 8. Nh4 Bg4 9. Bg3 g5 10.
Nhf3 Bf5 11. dxc5 Bxc5 12. Nb3 Rd8 13.
Bc7 Qxc7 14. Nxc5 Kf7 15. Bd3 Nge7 16. Bxf5 Nxf5 17. Nb3 Nd6 18. O-O h5 19. Nfd4 e5 20. Nxc6 bxc6 21. f4 gxf4 22.
exf4 e4 23. f5 Rdg8 24. Qf4 Rg4 25. Qe3 Nc4 26. Qe2 Rhg8 27. h3 Rxg2+ 28. Qxg2 Rxg2+ 29. Kxg2 Ne3+ 30. Kf2 Nxf1 31. Rxf1 Qh2+ 32.
Ke1 Qxb2 0-1

[Event "Mistrovství Čech mládeže 2023 - HD14"]
[Site "Harrachov, Czech Republic"]
[Date "2023.10.23"]
[Round "3.18"]
[White "Straka, René"]
[Black "Holeš, Vojta"]
[Result "1/2-1/2"]
[TimeControl "90m + 30s"]
[WhiteElo "1026"]
[BlackElo "1440"]

1. d4 Nf6 2. c4 e6 3. Nc3 d5 4. Nf3 c5 5. e3 Nc6 6. Bd2 dxc4 7. Bxc4 cxd4 8. exd4 Nxd4 9. Be3 Nxf3+ 10. Qxf3 Bb4 11. O-O O-O 12. Ne4 Nxe4 13. Qxe4 Be7 14. Rfd1 Qa5 15. Bd3 f5 16. Qc4 Qb4 17. Qxb4 Bxb4 18.
a3 Be7 19. Rac1 Bf6 20. Rc2 Rd8 21. Rcd2 Kf7 22. h3 b6 23. Bb5 Rxd2 24. Rxd2 g5 25. Bd4 Bxd4 26. Rxd4 Ke7 27. g4 f4 28.
Bc6 Rb8 29. h4 e5 30. Rd5 gxh4 31. f3 Be6 32. Rxe5 Kd6 33. Re2 Bxg4 34. fxg4 Kxc6 35. Rh2 Rb7 36. Rxh4 Kd5 37. Kf2 Ke4 38.
Rh1 f3 39. Rc1 Rf7 40. Rc4+ Ke5 41. a4 Rf4 42. Rc7 Rxa4 43. Rxh7 Rxg4 44. Kxf3 Rb4 45. Rxa7 Kd4 46. Rd7+ Kc4 47.
Rd2 Kb3 48. Ke2 Ka2 49. Kd3 b5 50. Kc3 Rb3+ 51. Kd4 Rb4+ 52. Kc5 Rb3 53. Re2 Kb1 54. Rh2 1/2-1/2

[Event "Mistrovství Čech mládeže 2023 - HD14"]
[Site "Harrachov, Czech Republic"]
[Date "2023.10.23"]
[Round "4.1"]
[White "Migalko, Dmitriy"]
[Black "Váňa, Jan"]
[Result "0-1"]
[TimeControl "90m + 30s"]
[WhiteElo "1842"]
[BlackElo "1969"]

1. c4 e6 2. e4 d5 3. exd5 exd5 4. d4 Nf6 5. Nc3 Bb4 6. Nf3 O-O 7. Be2 dxc4 8. O-O Bxc3 9. bxc3 b5 10.
Bg5 Be6 11. Ne5 Bd5 12. a4 c6 13. axb5 cxb5 14. Bf3 Bxf3 15. Qxf3 Qd5 16. Bxf6 Qxf3 17. Nxf3 gxf6 18. Rfb1 a6 19.
Rxb5 axb5 20. Rxa8 Nc6 21. Ra6 Rc8 22. Ne1 b4 23. d5 Nb8 24. Ra4 b3 25. Kf1 Nd7 26. Rb4 Rc5 27. Ke2 Rxd5 28.
Nf3 Rc5 29. Nd2 Ne5 30. f4 Nd3 31. Rxc4 Rxc4 32. Nxc4 b2 33. Nd2 Nxf4+ 34. Kf3 Nd5 35. Nb1 f5 36. c4 Ne7 37. Kf4 f6 38.
c5 Kf7 39. Nc3 Nd5+ 0-1

[Event "Mistrovství Čech mládeže 2023 - HD14"]
[Site "Harrachov, Czech Republic"]
[Date "2023.10.23"]
[Round "4.2"]
[White "Roubal, Matyáš"]
[Black "Švadlenka, Michal"]
[Result "1-0"]
[TimeControl "90m + 30s"]
[WhiteElo "1884"]
[BlackElo "1651"]

1. e4 c5 2. Nf3 d6 3. d4 cxd4 4. Nxd4 Nf6 5. Nc3 g6 6. Be3 Bg7 7. f3 O-O 8. Qd2 Nc6 9. Bc4 Bd7 10.
O-O-O Rc8 11. Bb3 Ne5 12. Kb1 Nc4 13. Bxc4 Rxc4 14. g4 b5 15. b3 Rc7 16. Ndxb5 Rb7 17. Nd4 a5 18. Bh6 a4 19.
Bxg7 Kxg7 20. h4 axb3 21. cxb3 h5 22. gxh5 Nxh5 23. Rdg1 Rh8 24. Nde2 Be6 25. f4 Qb6 26. f5 Bxb3 27. axb3 Qxb3+ 28. Kc1 Ra8 29. Qd4+ Kg8 30.
Kd2 Qb2+ 31. Ke3 Rb3 32. Rb1 Qa2 33. Rxb3 Qxb3 34. fxg6 fxg6 35. Rb1 Qe6 36. Qd5 Qxd5 37. Nxd5 e6 38.
Ndc3 Kf7 39. Rf1+ Kg7 40. Nf4 Nxf4 41. Rxf4 Ra3 42. Kd3 d5 43. e5 Ra1 44. Rf6 Re1 45. Rxe6 Kf7 46. Rf6+ Kg7 47.
Kd4 Rg1 48. Nxd5 Rd1+ 49. Kc5 Ra1 50. Rc6 Ra4 51. e6 Rxh4 52. e7 Re4 53. Kd6 Kf7 54. Kd7 Re5 55. Rf6 1-0

[Event "Mistrovství Čech mládeže 2023 - HD14"]
[Site "Harrachov, Czech Republic"]
[Date "2023.10.23"]
[Round "4.3"]
[White "Topenčík, Bruno"]
[Black "Slívová, Linda"]
[Result "1/2-1/2"]
[TimeControl "90m + 30s"]
[WhiteElo "1832"]
[BlackElo "1624"]

1. d4 d5 2. c4 c6 3. cxd5 cxd5 4. Bf4 Nc6 5. e3 Nf6 6. Nc3 a6 7. Nf3 Bf5 8. Be2 e6 9. O-O Be7 10.
Rc1 O-O 11. Na4 Nd7 12. a3 Rc8 13. b4 a5 14. b5 Na7 15. Qb3 b6 16. Ne5 Nxe5 17. Bxe5 f6 18. Bg3 Bd6 19. Rxc8 Nxc8 20.
Rc1 Bxg3 21. hxg3 Na7 22. Qc3 Rf7 23. Kf1 Qd6 24. Kg1 e5 25. dxe5 fxe5 26. g4 Bd7 27. Qb3 Qf6 28. Rf1 Qd6 29.
Rd1 Be6 30. Qd3 Rc7 31. Bf3 Rd7 32. Rd2 Nc8 33. Qc3 Rc7 34. Qb2 Rc4 35. Nc3 1/2-1/2

[Event "Mistrovství Čech mládeže 2023 - HD14"]
[Site "Harrachov, Czech Republic"]
[Date "2023.10.23"]
[Round "4.4"]
[White "Kammová, Kateřina"]
[Black "Krautschneider, Daniel Jan"]
[Result "1/2-1/2"]
[TimeControl "90m + 30s"]
[WhiteElo "1543"]
[BlackElo "1669"]

1. e4 c5 2. Nf3 Nc6 3. Bb5 g6 4. O-O Bg7 5. Re1 d6 6. c3 Bd7 7. a4 Nh6 8. h3 O-O 9. Na3 e5 10. Bf1 Kh8 11.
Nc4 Be6 12. d4 exd4 13. cxd4 Nxd4 14. Nxd4 cxd4 15. Bxh6 Bxh6 16. Qxd4+ Bg7 17. Qxd6 Bxc4 18. Qxd8 Raxd8 19. Bxc4 Bxb2 20.
Rab1 Bc3 21. Rec1 Bd2 22. Rd1 b6 23. Rb2 Bc3 24. Rxd8 Rxd8 25. Rc2 Be5 26. Bd5 f5 27. g3 fxe4 28.
Bxe4 Kg7 29. Kg2 Rd7 30. Bf3 Rc7 31. Rxc7+ Bxc7 32. Be2 Kf6 33. f4 h6 34. Kf3 g5 35. Ke4 Bd6 36. Kd5 Bc5 37.
fxg5+ hxg5 38. a5 Bf2 39. a6 b5 40. Bxb5 1/2-1/2